 Seeded DCSS version 0.30.1-4-g462c640d31 (webtiles) character file.

Game seed: 920673320228942481 (custom seed)

141 CarvArkoylaein the Chopper (level 5, 47/47 HPs)
             Began as a Hill Orc Fighter on Sept 14, 2023.
             Quit the game on level 2 of the Dungeon on Sept 16, 2023.
             The game lasted 00:05:00 (2018 turns).

CarvArkoylaein the Chopper (Hill Orc Fighter)       Turns: 2018, Time: 00:05:01

Health: 47/47      AC: 10    Str: 21    XL:     5   Next: 24%
Magic:  5/5        EV:  9    Int:  8    God:
Gold:   738        SH:  4    Dex: 10    Spells: 4/4 levels left

rFire   . . .        e - +4 war axe (pain)
rCold   . . .        c - +0 buckler
rNeg    + . .        b - +0 scale mail
rPois   .            f - +2 helmet of Insurance {+Blink rN+}
rElec   .            (no cloak)
rCorr   .            (no gloves)
SInv    .            (no boots)
Will    +....        (no amulet) Stlth
                     (no ring)
HPRegen 0.27/turn    (no ring)
MPRegen 0.09/turn

%: no passive effects
@: no status effects
A: deterioration 1, strong-willed 1
a: Evoke Blink


You were on level 2 of the Dungeon.
You visited 1 branch of the dungeon, and saw 2 of its levels.

You collected 738 gold pieces.

Inventory:

Hand Weapons
 a - a +0 war axe
 e - a +4 war axe of pain (weapon)
Armour
 b - a +0 scale mail (worn)
 c - a +0 buckler (worn)
 f - the +2 helmet of Insurance (worn) {+Blink rN+}
   (You acquired it on level 1 of the Dungeon)

   rN:        It protects you from negative energy.
   +Blink:    It lets you blink.
Jewellery
 k - a ring of wizardry
 p - a ring of resist corrosion
Scrolls
 h - a scroll of teleportation {unknown}
 i - a scroll of amnesia {unknown}
 l - a scroll of fog {unknown}
Potions
 d - a potion of might
 g - 2 potions of cancellation {unknown}
 j - a potion of resistance {unknown}
 m - a potion of lignification {unknown}
 n - a potion of curing {unknown}
 o - a potion of heal wounds {unknown}
 q - a potion of brilliance {unknown}


   Skills:
 + Level 4.5 Fighting
 + Level 4.9 Axes
 + Level 4.2 Armour
 + Level 3.7 Shields


You had 4 spell levels left.
You didn't know any spells.
Your spell library contained the following spells:

 Spells                   Type           Power      Damage    Failure   Level
 Kiss of Death            Conj/Necr      0%         2d5       80%         1
 Confusing Touch          Hex            0%         N/A       99%         3
 Dispel Undead            Necr           0%         3d6       100%        4


Dungeon Overview and Level Annotations

Branches:
Dungeon (2/15)

Altars:


Innate Abilities, Weirdness & Mutations

Your body sometimes deteriorates upon taking damage.
You are strong-willed. (Will+)


Message History

A quokka is nearby!
The quokka bites you.
You slash the quokka!
You kill the quokka!
No target in view!
There is an open door, spattered with blood here.
You see here a quokka corpse.
Found a war axe.
There is an open door here.
You pick up a book of Touch and begin reading...
You add the spells Kiss of Death, Confusing Touch and Dispel Undead to your library.
Found a cloak.
You see here a +0 cloak.
A goblin comes into view. It is wielding a +0 dagger.
The goblin shouts!
A goblin is nearby!
A goblin is nearby!
You closely miss the goblin. The goblin barely misses you.
You barely miss the goblin. The goblin hits you but does no damage.
You slash the goblin!
You kill the goblin!
You see here a +0 dagger.
Found a leather armour.
There is an open door, spattered with blood here.
You see here a quokka corpse.
Done exploring.
No target in view!
No target in view!
Done exploring.
Done exploring.
Done exploring.
Done exploring.
No target in view!
There is an open door here.
There is an open door here.
There is a stone staircase leading down here.
Welcome back, CarvArkoylaein the Hill Orc Fighter.
Game seed: 920673320228942481 (custom seed) Press ? for a list of commands and other information.
Are you sure you want to abandon this character and quit the game? (Confirm with "yes".)

#.....†[##..<###.....#.##.
#.......###.## ###........
#.......# #.# #####.### ####.####
#.# ##.### #.# ##+## #.....
####.# ##...## ##..### #....#
##.....## #.....#
##.######.......## #.###.#
#######...####..@......####.# #.#
.............'>........'....###.#
###.......####^........####.....#
# #.###..># ##.......## ##.#.## #
### ##### ##.....## #..... #
##...## ##..## # ##'## #.## #
##### ######.# ##### #.# #
#)..### ##..#.#.###...####.#


There were no monsters in sight!

Vanquished Creatures
  Crazy Yiuf (D:2)
  Natasha (thrice) (D:2)
  An adder (D:2)
  2 dart slugs
  3 endoplasms (D:2)
  A giant cockroach (D:2)
  4 goblins
  A hobgoblin (D:2)
  2 kobolds (D:2)
  A quokka (D:2)
  5 ball pythons
  2 bats
  A rat (D:1)
27 creatures vanquished.

Notes
Turn   | Place    | Note
-------+----------+-------------------------------------------
     0 | D:1      | CarvArkoylaein the Hill Orc Fighter began the quest for the
                  | Orb.
     0 | D:1      | Reached XP level 1. HP: 19/19 MP: 1/1
    65 | D:1      | Identified 3 scrolls of acquirement
    65 | D:1      | Acquired the +2 helmet of Insurance {+Blink rN+}
    66 | D:1      | Acquired a +4 war axe of pain
    67 | D:1      | Acquired 649 gold pieces
   531 | D:1      | Gained mutation: Your body sometimes deteriorates upon
                  | taking damage. [potion of mutation]
   531 | D:1      | Gained mutation: You are strong-willed. (Will+) [potion of
                  | mutation]
   688 | D:1      | Reached XP level 2. HP: 27/27 MP: 2/2
  1282 | D:2      | Noticed Natasha
  1291 | D:2      | Killed Natasha
  1292 | D:2      | Reached XP level 3. HP: 29/33 MP: 3/3
  1385 | D:2      | Noticed Natasha
  1391 | D:2      | Killed Natasha
  1392 | D:2      | Reached XP level 4. HP: 41/41 MP: 4/4
  1648 | D:2      | Found a runed translucent door.
  1649 | D:2      | Noticed Crazy Yiuf
  1701 | D:2      | Noticed Natasha
  1706 | D:2      | Killed Natasha
  1762 | D:2      | Killed Crazy Yiuf
  1763 | D:2      | Reached XP level 5. HP: 42/47 MP: 5/5
  2018 | D:2      | Quit the game

Illustrated notes

Levels and vault maps discovered:
D:1:      dpeg_arrival_orchard, layout_basic
D:2:      layout_loops_corners, uniq_natasha, uniq_crazy_yiuf_cottage

Skill      XL: |  1  2  3  4 |
---------------+-------------+-----
Axes           | 3 4 |  4.9
Fighting       | 4 |  4.5
Armour         | 4 |  4.2
Shields        | |  3.7

Action                     |  1- 3 |  4- 6 || total
---------------------------+-------+-------++-------
  Melee: War axe           |    30 |    21 ||    51
    Use: Scroll            |     3 |       ||     3
         Potion            |     1 |       ||     1
 Armour: Scale mail        |    20 |    10 ||    30
  Dodge: Dodged            |    19 |    10 ||    29
  Block: Buckler           |     8 |     4 ||    12
